 Dungeon Crawl Stone Soup version 0.29-a0-284-gf9362112df (webtiles) character file.

Game seed: 13346812633355341931

103 spaghetti the Skirmisher (level 4, -11/53 (55) HPs)
             Began as an Ogre Chaos Knight on Mar 20, 2022.
             Was a Plaything of Xom.
             Mangled by Crazy Yiuf
             ... wielding a +4 quarterstaff of chaos
              (15 damage)
             ... on level 2 of the Dungeon.
             The game lasted 00:03:03 (2212 turns).

spaghetti the Skirmisher (Ogre Chaos Knight)        Turns: 2212, Time: 00:03:05

HP:   -11/53 (55)   AC:  5    Str: 16    XL:     4   Next: 79%
MP:   4/4           EV: 10    Int: 13    God:    Xom [..*...]
Gold: 102           SH:  0    Dex: 10    Spells: 3/3 levels left

rFire   . . .      SeeInvis .   a - +1 mace (chaos) {mace}
rCold   . . .      Faith    .   (no shield)
rNeg    . . .      Spirit   .   b - +2 robe
rPois   .          Reflect  .   (helmet restricted)
rElec   .          Harm     .   (no cloak)
rCorr   .          Rampage  .   (gloves unavailable)
Will    .....                   (boots unavailable)
Stlth   +.........              (no amulet)
HPRegen 0.17/turn               (no ring)
MPRegen 0.09/turn               (no ring)

@: mighty, lightly drained
A: large, unfitting armour, tough skin 1
a: Renounce Religion


You were on level 2 of the Dungeon.
You worshipped Xom.
You were a toy of Xom.
You visited 1 branch of the dungeon, and saw 2 of its levels.

You collected 102 gold pieces.


Innate Abilities, Weirdness & Mutations

You are too large for most types of armour.
You have tough skin. (AC +1)


   Skills:
 + Level 7.1 Fighting
 - Level 2.6 Maces & Flails
 - Level 2.1 Dodging


You had 3 spell levels left.
You didn't know any spells.
Your spell library was empty.

Inventory:

Hand Weapons
 a - a +1 mace of chaos (weapon) {mace}
Missiles
 d - 2 curare-tipped darts {=fthrowing}
 e - 6 poisoned darts {throwing}
 h - 9 stones {throwing}
Armour
 b - a +2 robe (worn)
Magical Staves
 i - a staff of fire {!astaff}
   (You found it on level 1 of the Dungeon)
Scrolls
 f - a scroll of vulnerability {!r!r}
 g - a scroll of magic mapping {!r}
 j - a scroll of enchant armour
 l - a scroll of amnesia
Miscellaneous
 c - a piece from Xom's chessboard (4/15) (quivered)

Dungeon Overview and Level Annotations

Branches:
Dungeon (2/15)

Altars:

Annotations:
D:2 Crazy Yiuf

#......................
#.................>....
#####......................
#..........................
#.............)......####..
#......#######....<..####).
#.....>.................÷.)
######.#.g####.......####..
#.#..@..........# #..
##....####......# #..
#....# #...[..## #.. ♣....♣
#.......# ### ♣...♣♣
#.......# # ♣♣.♣♣ #....##.#
# ♣.♣♣ ####.##.##### ♣♣.♣
#......... ♣.♣♣ #.........


You could see Crazy Yiuf.


Message History

Done exploring.
Done exploring.
(D) Dungeon
Where to? (Enter - D:2, ? - help)
You are now a toy of Xom.
Unknown command.
Done exploring.
(D) Dungeon
Where to? (Enter - D:2, ? - help)
There is a stone staircase leading down here.
You climb downwards.
There is a stone staircase leading up here.
Key pressed, stopping explore.
Key pressed, stopping explore.
m - a scroll labelled MAMNEJ TUGAL You now have 76 gold pieces (gained 7).
A kobold is nearby!
A kobold is nearby!
The kobold shouts!
You closely miss the kobold.
The kobold hits you with a +0 whip. 😕 HP[-1]
You take 1 damage, and now have 54/55 hp.
You hit the kobold. You freeze the kobold.
You kill the kobold!
As you read the scroll labelled MAMNEJ TUGAL, it crumbles to dust.
It is a scroll of enchant weapon.
Your +0 mace of chaos {mace} glows red for a moment.
You now have 84 gold pieces (gained 8).
h - 9 stones {throwing} (gained 2)
Things that are here:
a +0 whip {mace}; a kobold corpse 😎 HP[+1]
Your hp is fully restored (55).
You now have 102 gold pieces (gained 18).
Found a stone staircase leading down.
m - a scroll labelled AMPOITEMPOGENU Crazy Yiuf shouts!
Crazy Yiuf screams, "Lay snockshim blue!"
As you read the scroll labelled AMPOITEMPOGENU, it crumbles to dust.
You feel strangely unstable.
It was a scroll of teleportation.
You open the door. You hit Crazy Yiuf but do no damage.
Crazy Yiuf hits you with a +4 quarterstaff of chaos! 😕 HP[-8]
You take 8 damage, and now have 47/55 hp.
You thump Crazy Yiuf! You burn Crazy Yiuf.
Your surroundings suddenly seem different. 😕 HP[+1] Key pressed, stopping explore.
Key pressed, stopping explore.
You see here a +0 leather armour.
Crazy Yiuf shouts! 😎 HP[+7]
Your hp is fully restored (55).
Crazy Yiuf hits you with a +4 quarterstaff of chaos!
Crazy Yiuf burns you. 😕 HP[-11]
You take 11 damage, and now have 44/55 hp.
You closely miss Crazy Yiuf. Crazy Yiuf misses you.
You completely miss Crazy Yiuf.
Crazy Yiuf heaves a sigh in contemplation.
Crazy Yiuf closely misses you.
You completely miss Crazy Yiuf. Crazy Yiuf barely misses you.
Crazy Yiuf says, "The present is the child, and the necessary child, of all the past, and the mother of all the future."
Crazy Yiuf hits you with a +4 quarterstaff of chaos!
Crazy Yiuf freezes you. 😮 HP[-8]
You take 8 damage, and now have 36/55 hp.
You hit Crazy Yiuf but do no damage.
Crazy Yiuf hits you with a +4 quarterstaff of chaos!
* * * LOW HITPOINT WARNING * * *
You feel drained.
* * * LOW HITPOINT WARNING * * *
😨 HP[-14]
You now have 53 max hp (-2).
You take 14 damage, and now have 22/53 hp.
MASSIVE DAMAGE!! (PAUSE) Unknown command.
You hit Crazy Yiuf but do no damage.
Crazy Yiuf completely misses you. 😨 HP[+1]
You hit Crazy Yiuf but do no damage.
Crazy Yiuf hits you with a +4 quarterstaff of chaos!
* * * LOW HITPOINT WARNING * * *
Crazy Yiuf freezes you.
* * * LOW HITPOINT WARNING * * *
😱 HP[-19]
You take 19 damage, and now have 4/53 hp.
MASSIVE DAMAGE!! (PAUSE) Unknown command.
Okay, then.
Okay, then.
Okay, then.
It was a potion of might.
You feel very mighty all of a sudden.
Xom is amused.
Crazy Yiuf says, "No facts are to me sacred; none are profane; I simply experiment, an endless seeker, with no past at my back."
Crazy Yiuf hits you with a +4 quarterstaff of chaos!
You die...
Xom snickers!

Skill      XL: |  1  2  3  4 |
---------------+-------------+-----
Fighting       | 5 6 7 |  7.1
Maces & Flails | |  2.6
Dodging        | |  2.1

Action                   |  1- 3 |  4- 6 || total
-------------------------+-------+-------++-------
Melee: Mace              |    54 |    90 ||   144
Evoke: Piece from Xom's  |    10 |     4 ||    14
  Use: Scroll            |     4 |     4 ||     8
       Potion            |       |     1 ||     1
 Stab: Paralysed         |     2 |       ||     2
       Distracted        |       |     1 ||     1
       Petrifying        |       |     1 ||     1
Armor: Robe              |    20 |    70 ||    90
Dodge: Dodged            |    38 |    59 ||    97

Levels and vault maps discovered:
D:1:      mrwooster_arrival_arrow, layout_basic, hex_medium
D:2:      layout_basic, uniq_crazy_yiuf_cottage, uniq_jessica

Notes
Turn   | Place    | Note
-------+----------+-------------------------------------------
     0 | D:1      | spaghetti the Ogre Chaos Knight began the quest for the
                  | Orb.
     0 | D:1      | Reached XP level 1. HP: 24/24 MP: 1/1
     0 | D:1      | magus.rc [v1.9.6]
    64 | D:1      | Reached XP level 2. HP: 33/33 MP: 2/2
    89 | D:2      | XOM: divination: magic mapping
    95 | D:2      | Reached skill level 5 in Fighting
   256 | D:2      | Reached XP level 3. HP: 42/42 MP: 3/3
   331 | D:2      | XOM: cloud trail
   834 | D:2      | XOM: god gift: plate armour {god gift}
  1074 | D:2      | Noticed Jessica
  1080 | D:2      | XOM: summons 3 friendly demons
  1082 | D:2      | Killed Jessica
  1083 | D:2      | Reached skill level 6 in Fighting
  1083 | D:2      | Reached XP level 4. HP: 53/53 MP: 4/4
  1451 | D:1      | Reached skill level 7 in Fighting
  1928 | D:1      | XOM: summons 3 hostile demons
  1998 | D:1      | XOM is BORED!
  2115 | D:2      | Found a runed translucent door.
  2116 | D:2      | Noticed Crazy Yiuf
  2211 | D:2      | HP: 9/53 [Crazy Yiuf/+4 quarterstaff of chaos (14)]
  2211 | D:2      | HP: 4/53 [Crazy Yiuf/+4 quarterstaff of chaos (5)]
  2212 | D:2      | Mangled by Crazy Yiuf

Vanquished Creatures
  A gnoll (D:1)
  3 adders (D:2)
  A dart slug (D:1)
  4 endoplasms (D:1)
  4 goblins
  5 hobgoblins
  5 kobolds
  A quokka (D:2)
  3 ball pythons
  5 bats (D:1)
  3 frilled lizards (D:1)
35 creatures vanquished.

Vanquished Creatures (collateral kills)
  Jessica (D:2)
  A kobold (D:2)
2 creatures vanquished.

Grand Total: 37 creatures vanquished

Table legend:
 A = Non-vault XP
 B = Vault XP
 C = Vault XP percentage of total XP
 D = Non-vault monster count
 E = Vault monster count
 F = Vault count percentage of total count
                 A         B        C        D         E       F
            +---------+---------+-------+---------+---------+-------
      Total |     111 |      37 |  25.0 |      36 |       1 |   2.7
            +---------+---------+-------+---------+---------+-------
        D:1 |      56 |       0 |   0.0 |      24 |       0 |   0.0
        D:2 |      55 |      37 |  40.2 |      12 |       1 |   7.7
            +---------+---------+-------+---------+---------+-------

Illustrated notes

Table legend:
 A = Kills in this place as a percentage of kills in entire the game.
 B = Kills by you in this place as a percentage of kills by you in the entire game.
 C = Kills by friends in this place as a percentage of kills by friends in the entire game.
 D = Other kills in this place as a percentage of other kills in the entire game.
 E = Experience gained in this place as a percentage of experience gained in the entire game.
 F = Experience gained in this place divided by the number of levels of this place that you have seen.
                   A       B       C       D       E      F
               +-------+-------+-------+-------+-------+----------------------
         Total | 100.0 | 100.0 | 100.0 |   N/A | 100.0 |  74.0
       Dungeon | 100.0 | 100.0 | 100.0 |   N/A | 100.0 |  74.0
               +-------+-------+-------+-------+-------+----------------------

Table legend: (Time is in decaauts)
 A = Elapsed time spent in this place.
 B = Non-inter-level travel time spent in this place.
 C = Inter-level travel time spent in this place.
 D = Time resting spent in this place.
 E = Time spent auto-exploring this place.
 F = Levels seen in this place.
 G = Mean time per level.
                   A        B        C        D        E       F      G
               +--------+--------+--------+--------+--------+-----+--------+
         Total |   2252 |   2221 |     31 |    307 |   1487 |   2 | 1126.0 |
       Dungeon |   2252 |   2221 |     31 |    307 |   1487 |   2 | 1126.0 |
               +--------+--------+--------+--------+--------+-----+--------+

Top non-repeatable levels by time:
     D:2: 1261 daAuts
     D:1: 990 daAuts
